TOP OF THE 1ST |
Pueblo Prairie Dogs batting - Pitching for Washington DC Hot Sauce : LHP Matt Hull
|
Pitching: LHP Matt Hull
|
|
Batting: LHB Jason King
|
0-0: Ball 1-0: Ball 2-0: Ground out 4-3 (Groundball, 4S)
|
Batting: RHB John Newman
|
0-0: Ground out 6-3 (Groundball, 6)
|
Batting: RHB Clancy Castro
|
0-0: Fly out, F9 (Flyball, 9LSF)
|
Top of the 1st over - 0 run(s), 0 hit(s), 0 error(s), 0 left on base; Pueblo 0 - Washington DC 0 |
BOTTOM OF THE 1ST |
Washington DC Hot Sauce batting - Pitching for Pueblo Prairie Dogs : LHP Emory Contreras
|
Pitching: LHP Emory Contreras
|
|
Batting: RHB Gonzalo García
|
0-0: Bunt missed! 0-1: Ground out 3-1 (Groundball, 34)
|
Batting: RHB Kevin Wilson
|
0-0: Called Strike 0-1: Swinging Strike 0-2: Ball 1-2: Strikes out swinging
|
Batting: LHB Vernon Hill
|
0-0: Called Strike 0-1: Foul Ball, location: 2F 0-2: Ball 1-2: Ground out U3 (Groundball, 34)
|
Bottom of the 1st over - 0 run(s), 0 hit(s), 0 error(s), 0 left on base; Pueblo 0 - Washington DC 0 |
TOP OF THE 2ND |
Pueblo Prairie Dogs batting - Pitching for Washington DC Hot Sauce : LHP Matt Hull
|
Batting: RHB José Zumaya
|
0-0: Foul Ball, location: 2F 0-1: Ball 1-1: SOLO HOME RUN (Flyball, 7D), Distance : 398 ft
|
Batting: RHB David Adams
|
0-0: Ball 1-0: Ground out 5-3 (Groundball, 56)
|
Batting: SHB Pancho Morán
|
0-0: Ball 1-0: Foul Ball, location: 2F 1-1: Fly out, F2 (Popup, 3S)
|
Batting: RHB Ramón Garza
|
0-0: Called Strike 0-1: Swinging Strike 0-2: Ball 1-2: Fly out, F6 (Popup, 6D)
|
Top of the 2nd over - 1 run(s), 1 hit(s), 0 error(s), 0 left on base; Pueblo 1 - Washington DC 0 |
BOTTOM OF THE 2ND |
Washington DC Hot Sauce batting - Pitching for Pueblo Prairie Dogs : LHP Emory Contreras
|
Batting: RHB Dan Salazar
|
0-0: Foul Ball, location: 2F 0-1: Ball 1-1: Ball 2-1: Ball 3-1: Base on Balls
|
Batting: RHB Jesús García
|
0-0: Called Strike 0-1: Foul Ball, location: 2F 0-2: Ball 1-2: Strikes out looking
|
Batting: RHB Juan Vélez
|
0-0: Fielders Choice at 2nd, 5-4 (Groundball, 5)
|
Batting: RHB Jaime Aguirre
|
0-0: Ball 1-0: Foul Ball, location: 2F 1-1: Called Strike 1-2: Ball 2-2: Foul Ball, location: 2F 2-2: Foul Ball, location: 2F 2-2: Strikes out swinging
|
Bottom of the 2nd over - 0 run(s), 0 hit(s), 0 error(s), 1 left on base; Pueblo 1 - Washington DC 0 |
TOP OF THE 3RD |
Pueblo Prairie Dogs batting - Pitching for Washington DC Hot Sauce : LHP Matt Hull
|
Batting: RHB Shigekazu Kaneko
|
0-0: Called Strike 0-1: Ball 1-1: Ball 2-1: Swinging Strike 2-2: Strikes out swinging
|
Batting: RHB Jared Williamson
|
0-0: Ball 1-0: SINGLE (Groundball, 6D)
|
Batting: LHB Jason King
|
0-0: Ball 1-0: SINGLE (Groundball, 56D) Jared Williamson to second
|
Batting: RHB John Newman
|
0-0: Called Strike 0-1: Foul Ball, location: 2F 0-2: Strikes out swinging
|
Batting: RHB Clancy Castro
|
0-0: Ball 1-0: Foul Ball, location: 2F 1-1: Ball 2-1: Ball 3-1: Fielders Choice at 2nd, 6-4 (Groundball, 6)
|
Top of the 3rd over - 0 run(s), 2 hit(s), 0 error(s), 1 left on base; Pueblo 1 - Washington DC 0 |
BOTTOM OF THE 3RD |
Washington DC Hot Sauce batting - Pitching for Pueblo Prairie Dogs : LHP Emory Contreras
|
Batting: LHB Gus Price
|
0-0: Called Strike 0-1: Foul Ball, location: 2F 0-2: Ball 1-2: Ball 2-2: Ball 3-2: Foul Ball, location: 2F 3-2: Strikes out looking
|
Batting: SHB Jack Hendrix
|
0-0: Ball 1-0: Ball 2-0: Ball 3-0: Base on Balls
|
Batting: RHB Gonzalo García
|
0-0: Fly out, F4 (Line Drive, 4)
|
Batting: RHB Kevin Wilson
|
0-0: Called Strike 0-1: Fielders Choice at 2nd, 4-6 (Groundball, 4)
|
Bottom of the 3rd over - 0 run(s), 0 hit(s), 0 error(s), 0 left on base; Pueblo 1 - Washington DC 0 |
TOP OF THE 4TH |
Pueblo Prairie Dogs batting - Pitching for Washington DC Hot Sauce : LHP Matt Hull
|
Batting: RHB José Zumaya
|
0-0: Called Strike 0-1: Foul Ball, location: 2F 0-2: Ground out 6-3 (Groundball, 6)
|
Batting: RHB David Adams
|
0-0: Called Strike 0-1: Ground out 6-3 (Groundball, 56)
|
Batting: SHB Pancho Morán
|
0-0: SINGLE (Flyball, 8LS)
|
Batting: RHB Ramón Garza
|
0-0: Ball 1-0: Reached on error, E5 (Groundball, 56) Pancho Morán to second
|
Batting: RHB Shigekazu Kaneko
|
0-0: Ball 1-0: Ball 2-0: Foul Ball, location: 2F 2-1: Called Strike 2-2: Ball 3-2: SINGLE (Line Drive, 89M) Pancho Morán to third Ramón Garza to second Pancho Morán scores Ramón Garza to third
|
Batting: RHB Jared Williamson
|
0-0: Called Strike 0-1: Ball 1-1: Foul Ball, location: 2F 1-2: Fly out, F8 (Flyball, 8LM)
|
Top of the 4th over - 1 run(s), 2 hit(s), 1 error(s), 2 left on base; Pueblo 2 - Washington DC 0 |
BOTTOM OF THE 4TH |
Washington DC Hot Sauce batting - Pitching for Pueblo Prairie Dogs : LHP Emory Contreras
|
Batting: LHB Vernon Hill
|
0-0: Ball 1-0: Ball 2-0: Called Strike 2-1: Called Strike 2-2: Strikes out swinging
|
Batting: RHB Dan Salazar
|
0-0: Called Strike 0-1: Ball 1-1: Foul Ball, location: 2F 1-2: Fly out, F9 (Flyball, 89M)
|
Batting: RHB Jesús García
|
0-0: Foul Ball, location: 2F 0-1: Ball 1-1: Called Strike 1-2: Strikes out swinging
|
Bottom of the 4th over - 0 run(s), 0 hit(s), 0 error(s), 0 left on base; Pueblo 2 - Washington DC 0 |
TOP OF THE 5TH |
Pueblo Prairie Dogs batting - Pitching for Washington DC Hot Sauce : LHP Matt Hull
|
Batting: LHB Jason King
|
0-0: Ball 1-0: Foul Ball, location: 2F 1-1: SINGLE (Groundball, 4MD)
|
Batting: RHB John Newman
|
0-0: Called Strike 0-1: Ball 1-1: Ball 2-1: Swinging Strike 2-2: Foul Ball, location: 2F 2-2: Foul Ball, location: 2F 2-2: Reached on error, E5 (Groundball, 56) Jason King to second
|
Batting: RHB Clancy Castro
|
0-0: Ball 1-0: Fly out, F9 (Flyball, 9)
|
Batting: RHB José Zumaya
|
0-0: Ball Jason King is caught stealing 3rd base John Newman to second 1-0: Foul Ball, location: 2F 1-1: Called Strike 1-2: Foul Ball, location: 2F 1-2: Ball 2-2: Strikes out swinging
|
Top of the 5th over - 0 run(s), 1 hit(s), 1 error(s), 1 left on base; Pueblo 2 - Washington DC 0 |
BOTTOM OF THE 5TH |
Washington DC Hot Sauce batting - Pitching for Pueblo Prairie Dogs : LHP Emory Contreras
|
Batting: RHB Juan Vélez
|
0-0: Fly out, F9 (Flyball, 9LM)
|
Batting: RHB Jaime Aguirre
|
0-0: Ground out 6-3 (Groundball, 6M)
|
Batting: LHB Gus Price
|
0-0: Ball 1-0: Called Strike 1-1: Foul Ball, location: 2F 1-2: Ball 2-2: Fly out, F6 (Line Drive, 6M)
|
Bottom of the 5th over - 0 run(s), 0 hit(s), 0 error(s), 0 left on base; Pueblo 2 - Washington DC 0 |
TOP OF THE 6TH |
Pueblo Prairie Dogs batting - Pitching for Washington DC Hot Sauce : LHP Matt Hull
|
Batting: RHB David Adams
|
0-0: Foul Ball, location: 2F 0-1: Ball 1-1: Ball 2-1: Ball 3-1: Foul Ball, location: 2F 3-2: Foul Ball, location: 2F 3-2: Fly out, F8 (Line Drive, 89D)
|
Batting: SHB Pancho Morán
|
0-0: Called Strike 0-1: Ball 1-1: Swinging Strike 1-2: Fly out, F9 (Flyball, 9)
|
Batting: RHB Ramón Garza
|
0-0: Called Strike 0-1: Swinging Strike 0-2: Ball 1-2: Ball 2-2: Foul Ball, location: 2F 2-2: Strikes out looking
|
Top of the 6th over - 0 run(s), 0 hit(s), 0 error(s), 0 left on base; Pueblo 2 - Washington DC 0 |
BOTTOM OF THE 6TH |
Washington DC Hot Sauce batting - Pitching for Pueblo Prairie Dogs : LHP Emory Contreras
|
Batting: SHB Jack Hendrix
|
0-0: Swinging Strike 0-1: Ball 1-1: Ground out 6-3 (Groundball, 6)
|
Batting: RHB Gonzalo García
|
0-0: Foul Ball, location: 2F 0-1: Ball 1-1: Ball 2-1: Ball 3-1: Called Strike 3-2: Foul Ball, location: 2F 3-2: Foul Ball, location: 2F 3-2: Foul Ball, location: 2F 3-2: Foul Ball, location: 2F 3-2: Foul Ball, location: 2F 3-2: Base on Balls
|
Batting: RHB Kevin Wilson
|
0-0: Ball 1-0: Ball 2-0: Called Strike 2-1: Foul Ball, location: 2F 2-2: Strikes out looking
|
Batting: LHB Vernon Hill
|
0-0: Ball Gonzalo García is caught stealing 2nd base
|
Bottom of the 6th over - 0 run(s), 0 hit(s), 0 error(s), 0 left on base; Pueblo 2 - Washington DC 0 |
TOP OF THE 7TH |
Pueblo Prairie Dogs batting - Pitching for Washington DC Hot Sauce : LHP Matt Hull
|
Pitching: RHP Shane Thompson
|
|
Batting: RHB Shigekazu Kaneko
|
0-0: Ball 1-0: Ball 2-0: Ball 3-0: Called Strike 3-1: Ground out 6-3 (Groundball, 56)
|
Pitching: RHP Chris Horne
|
|
Batting: RHB Jared Williamson
|
0-0: Ball 1-0: Foul Ball, location: 2F 1-1: Foul Ball, location: 2F 1-2: Strikes out swinging
|
Batting: LHB Jason King
|
0-0: Ball 1-0: Ball 2-0: Called Strike 2-1: Foul Ball, location: 2F 2-2: Ball 3-2: Fly out, F9 (Line Drive, 9S)
|
Top of the 7th over - 0 run(s), 0 hit(s), 0 error(s), 0 left on base; Pueblo 2 - Washington DC 0 |
BOTTOM OF THE 7TH |
Washington DC Hot Sauce batting - Pitching for Pueblo Prairie Dogs : LHP Emory Contreras
|
Batting: LHB Vernon Hill
|
0-0: Ball 1-0: Ground out U3 (Groundball, 3L)
|
Batting: RHB Dan Salazar
|
0-0: Called Strike 0-1: Foul Ball, location: 2F 0-2: Fly out, F8 (Flyball, 78M)
|
Batting: RHB Jesús García
|
0-0: Called Strike 0-1: Ball 1-1: Fly out, F8 (Flyball, 8LM)
|
Bottom of the 7th over - 0 run(s), 0 hit(s), 0 error(s), 0 left on base; Pueblo 2 - Washington DC 0 |
TOP OF THE 8TH |
Pueblo Prairie Dogs batting - Pitching for Washington DC Hot Sauce : RHP Chris Horne
|
Batting: RHB John Newman
|
0-0: Called Strike 0-1: Fly out, F8 (Line Drive, 8RM)
|
Batting: RHB Clancy Castro
|
0-0: Fly out, F9 (Line Drive, 9)
|
Batting: RHB José Zumaya
|
0-0: Fly out, F8 (Line Drive, 78D)
|
Top of the 8th over - 0 run(s), 0 hit(s), 0 error(s), 0 left on base; Pueblo 2 - Washington DC 0 |
BOTTOM OF THE 8TH |
Washington DC Hot Sauce batting - Pitching for Pueblo Prairie Dogs : LHP Emory Contreras
|
Batting: RHB Juan Vélez
|
0-0: Called Strike 0-1: Ball 1-1: Swinging Strike 1-2: Ball 2-2: Ball 3-2: Ground out 6-3 (Groundball, 6)
|
Batting: RHB Jaime Aguirre
|
0-0: Called Strike 0-1: Ball 1-1: Called Strike 1-2: Ball 2-2: Ball 3-2: Fly out, F8 (Flyball, 8RM)
|
Batting: LHB Gus Price
|
0-0: Foul Ball, location: 2F 0-1: Ground out U3 (Groundball, 34)
|
Bottom of the 8th over - 0 run(s), 0 hit(s), 0 error(s), 0 left on base; Pueblo 2 - Washington DC 0 |
TOP OF THE 9TH |
Pueblo Prairie Dogs batting - Pitching for Washington DC Hot Sauce : RHP Chris Horne
|
Batting: RHB David Adams
|
0-0: Ball 1-0: Swinging Strike 1-1: Foul Ball, location: 2F 1-2: Ground out 6-3 (Groundball, 6)
|
Batting: SHB Pancho Morán
|
0-0: Called Strike 0-1: Foul Ball, location: 2F 0-2: Ball 1-2: Ground out 4-3 (Groundball, 4)
|
Batting: RHB Ramón Garza
|
0-0: Ball 1-0: Swinging Strike 1-1: Ball 2-1: Swinging Strike 2-2: Foul Ball, location: 2F 2-2: Foul Ball, location: 2F 2-2: Ball 3-2: Strikes out swinging
|
Top of the 9th over - 0 run(s), 0 hit(s), 0 error(s), 0 left on base; Pueblo 2 - Washington DC 0 |
BOTTOM OF THE 9TH |
Washington DC Hot Sauce batting - Pitching for Pueblo Prairie Dogs : LHP Emory Contreras
|
Batting: SHB Jack Hendrix
|
0-0: Foul Ball, location: 2F 0-1: Ball 1-1: Ball 2-1: Called Strike 2-2: Fly out, F8 (Flyball, 8RD)
|
Batting: RHB Gonzalo García
|
0-0: Ball 1-0: Fly out, F3 (Line Drive, 34)
|
Batting: RHB Kevin Wilson
|
0-0: Ball 1-0: Ball 2-0: Called Strike 2-1: Foul Ball, location: 2F 2-2: SINGLE (Flyball, 8RS)
|
Pitching: RHP Alonso Rivera
|
|
Batting: LHB Vernon Hill
|
0-0: Ball 1-0: Called Strike 1-1: Fly out, F6 (Line Drive, 6)
|
Bottom of the 9th over - 0 run(s), 1 hit(s), 0 error(s), 1 left on base; Pueblo 2 - Washington DC 0 |
|